[Event "January 9 Early 2024"]
[Site "https://www.chess.com"]
[Date "2024.01.11"]
[Round "6"]
[White "Gurevich, Dmitry"]
[Black "Schnaider, Ilan"]
[Result "0-1"]
[Board "253"]
[TimeControl "180+1"]
[WhiteFideId "2000407"]
[BlackFideId "169013"]
[WhiteElo "2528"]
[BlackElo "2752"]
[WhiteTeam "USA"]
[BlackTeam "ARG"]
[WhiteClock "0:00:05"]
[BlackClock "0:00:05"]

1. d4 d5 2. c4 c6 3. e3 Nf6 4. Nc3 e6 5. Nf3 Nbd7 6. Qc2 b6 7. b3 Bb7 8. Be2 Be7 9. O-O O-O 10. Bb2 Qc7 11. Rac1 Rac8 12. e4 dxe4 13. Nxe4 c5 14. Bd3 Nxe4 15. Bxe4 Bxe4 16. Qxe4 Bf6 17. Rfe1 Rfd8 18. Rcd1 cxd4 19. Bxd4 Nc5 20. Qe3 Bxd4 21. Nxd4 a6 22. g3 e5 23. Qxe5 Qxe5 24. Rxe5 Rd7 25. Rde1 Kf8 26. Rd5 Rxd5 27. cxd5 Rd8 28. Re5 Nd3 29. Re3 Nc5 30. b4 Na4 31. Nc6 Rxd5 32. Nb8 Rd1+ 33. Kg2 a5 34. bxa5 bxa5 35. Re5 Nc3 36. Rxa5 g6 37. a3 Rd2 38. Rc5 Ne4 39. Rc4 Nxf2 40. Kf3 Nd1 41. h4 Rd3+ 42. Ke2 Rd7 43. Rc1 Rd8 44. Na6 Re8+ 45. Kxd1 Ra8 46. Ke2 Rxa6 47. Rc3 Kg7 48. Kd3 f5 49. Kc2 h6 50. Kb3 g5 51. a4 f4 52. gxf4 gxf4 53. Rf3 Rf6 54. Kb4 Kg6 55. Kb5 Kf5 56. a5 Kg4 57. Rf1 Kxh4 58. a6 Kg3 59. a7 Rf8 60. Kb6 f3 61. Kb7 Kg2 62. Rb1 Rf7+ 63. Kb8 Rxa7 64. Kxa7 f2 65. Kb6 f1=Q 66. Rxf1 Kxf1 0-1

[Event "January 9 Early 2024"]
[Site "https://www.chess.com"]
[Date "2024.01.11"]
[Round "6"]
[White "Liu, Casper"]
[Black "Martin Fuentes, Alberto"]
[Result "1/2-1/2"]
[Board "254"]
[TimeControl "180+1"]
[WhiteFideId "1454153"]
[BlackFideId "2292289"]
[WhiteElo "2484"]
[BlackElo "2622"]
[WhiteTeam "DEN"]
[BlackTeam "ESP"]
[WhiteClock "0:00:08"]
[BlackClock "0:00:06"]

1. Nf3 Nf6 2. b3 g6 3. Bb2 Bg7 4. g3 O-O 5. Bg2 c5 6. O-O Nc6 7. c4 d6 8. d4 cxd4 9. Nxd4 Bd7 10. Nc3 Qa5 11. Nd5 Nxd5 12. cxd5 Nxd4 13. Bxd4 Rfc8 14. Bxg7 Kxg7 15. Qd4+ Kg8 16. Qe3 Kf8 17. Qh6+ Kg8 18. Qe3 Qd8 19. h4 h5 20. Rfc1 b6 21. Qd3 Rc5 22. b4 Rc7 23. Be4 Kh7 24. Qf3 Kg7 25. Rc3 Rac8 26. Rac1 Bb5 27. Qe3 Kg8 28. Qd4 Rxc3 29. Rxc3 Rxc3 30. Qxc3 Bxe2 31. Qc2 Bb5 32. a4 Be8 33. b5 Qd7 34. Kg2 Qb7 35. Qd3 Qc7 36. Qe2 Qc3 37. Bf3 Kf8 38. Qe4 Bd7 39. Qf4 Kg7 40. Qe4 Kf8 41. Qf4 Bf5 42. Bxh5 Qd3 43. Bf3 Kg7 44. Qg5 Be4 45. Qf4 Bxf3+ 46. Qxf3 Qc4 47. h5 gxh5 48. Qxh5 Qxa4 49. Qg5+ Kf8 50. Qh6+ Ke8 51. Qh3 Kd8 52. Qh8+ Kd7 53. Qh3+ Kd8 54. Qh8+ Kc7 55. Qe8 Qe4+ 56. Kg1 f5 57. Qc6+ Kd8 58. Qa8+ Kd7 59. Qc6+ Kd8 60. Qa8+ Kd7 61. Qxa7+ Ke8 62. Qxb6 Qxd5 63. Qb8+ Kf7 64. b6 Qd1+ 65. Kg2 f4 66. gxf4 Qg4+ 67. Kf1 Qd1+ 68. Kg2 Qg4+ 69. Kf1 Qd1+ 70. Kg2 1/2-1/2

[Event "January 9 Early 2024"]
[Site "https://www.chess.com"]
[Date "2024.01.11"]
[Round "6"]
[White "Perske, Thore"]
[Black "Pichot, Alan"]
[Result "0-1"]
[Board "255"]
[TimeControl "180+1"]
[WhiteFideId "12902195"]
[BlackFideId "110973"]
[WhiteElo "2646"]
[BlackElo "2830"]
[WhiteTeam "GER"]
[BlackTeam "ESP"]
[WhiteClock "0:00:16"]
[BlackClock "0:00:09"]

1. e4 c5 2. Nf3 e6 3. g3 Nc6 4. Bg2 Nf6 5. d3 d5 6. Nbd2 Be7 7. O-O O-O 8. Re1 b5 9. e5 Nd7 10. Nf1 a5 11. h4 Qc7 12. Bf4 Bb7 13. h5 h6 14. N1h2 b4 15. Qd2 Rfc8 16. g4 Qd8 17. Bh3 a4 18. a3 bxa3 19. bxa3 Qa5 20. Qc1 Nd4 21. g5 hxg5 22. Bxg5 Qd8 23. Bxe7 Nxf3+ 24. Nxf3 Qxe7 25. h6 d4 26. Bg2 f5 27. exf6 gxf6 28. Qf4 Kh8 29. Rab1 Bc6 30. Bh3 e5 31. Nh4 Qf7 32. Qf5 Rg8+ 33. Kh2 Rg5 34. Qe6 Qxe6 35. Bxe6 Re8 36. Bxd7 Bxd7 37. Rb7 Be6 38. Rg1 Rh5 39. Kg3 Rg8+ 40. Rg7 Rxg7+ 41. hxg7+ Kxg7 42. Nf3 Rh6 43. Rb1 Rg6+ 44. Kh2 Bd5 45. Ne1 f5 46. Rb5 f4 47. f3 Rc6 48. Kg2 Kf6 49. Ra5 Ke6 50. Rxa4 c4 51. Kf2 c3 52. Rb4 Ra6 53. a4 Kd6 54. Ke2 Bc6 55. Kd1 Bxa4 56. Ke2 Bc6 57. Kd1 Ra1+ 58. Ke2 Rc1 59. Rc4 Bb5 60. Rb4 Kc5 61. Rb3 Ba4 62. Rb8 Bxc2 63. Rc8+ Kd5 64. Rd8+ Ke6 65. Re8+ Kf6 66. Rf8+ Ke7 67. Rf5 Bd1+ 68. Kf2 Ke6 69. Rf8 Ra1 70. Rc8 Ra2+ 71. Kf1 Be2+ 72. Kg1 Rd2 73. Rc7 Bxd3 0-1

[Event "January 9 Early 2024"]
[Site "https://www.chess.com"]
[Date "2024.01.11"]
[Round "6"]
[White "Shimanov, Aleksandr"]
[Black "Durarbayli, Vasif"]
[Result "0-1"]
[Board "256"]
[TimeControl "180+1"]
[WhiteFideId "4198603"]
[BlackFideId "13402935"]
[WhiteElo "2987"]
[BlackElo "2815"]
[WhiteTeam "RUS"]
[BlackTeam "AZE"]
[WhiteClock "0:00:35"]
[BlackClock "0:00:05"]

1. b3 e5 2. Bb2 Nc6 3. e3 d5 4. Bb5 Bd6 5. Nf3 Qe7 6. d4 e4 7. Nfd2 Bd7 8. c4 Nb4 9. Bxd7+ Qxd7 10. O-O c6 11. Ba3 a5 12. Nc3 Nf6 13. cxd5 cxd5 14. Bxb4 axb4 15. Na4 Qb5 16. Rc1 O-O 17. Re1 Rfc8 18. Nf1 h5 19. h3 Rc6 20. Rxc6 Qxc6 21. Re2 Rc8 22. Ng3 Qc1 23. Re1 Qxd1 24. Rxd1 Bxg3 25. fxg3 Rc2 26. Kf1 Ne8 27. Nb6 Nc7 28. Re1 Kf8 29. Re2 Rc6 30. Nd7+ Ke7 31. Nc5 b6 32. Na4 Nb5 33. Ke1 Kd7 34. Rf2 Ke6 35. Kd2 Na3 36. Kd1 f5 37. g4 fxg4 38. hxg4 hxg4 39. Rf4 g5 40. Rf8 Nb5 41. Re8+ Kf6 42. Re5 Nc3+ 43. Nxc3 Rxc3 44. Kd2 Rd3+ 45. Ke2 Rc3 46. Rxd5 Rc2+ 47. Kf1 Rxa2 48. g3 Rb2 49. Rb5 Rb1+ 50. Ke2 Rb2+ 51. Ke1 Rb1+ 52. Kd2 Rb2+ 53. Kd1 Rxb3 54. Rxb6+ Kf5 55. Rb5+ Kf6 56. Kd2 Rb2+ 57. Kd1 Rb3 58. Rb6+ Kf5 59. Rb5+ Kg6 60. Kd2 Rb2+ 61. Ke1 b3 62. Rb6+ Kf5 63. Kd1 Rb1+ 64. Kd2 Rb2+ 65. Kd1 Rb1+ 66. Kd2 Rb2+ 67. Kc3 Rg2 68. Rb5+ Ke6 69. Re5+ Kf6 70. Kxb3 Rxg3 71. Rxe4 Rg1 72. Kc3 g3 73. Kd3 Kf5 74. Re5+ Kg4 75. Ke2 Ra1 76. Re4+ Kh3 77. Re8 g2 78. Kf3 Rf1+ 79. Ke4 g1=Q 80. Ke5 Kg4 81. d5 Qxe3+ 82. Kd6 Qxe8 0-1

[Event "January 9 Early 2024"]
[Site "https://www.chess.com"]
[Date "2024.01.11"]
[Round "6"]
[White "Diaz, Fernando"]
[Black "Osmak, Yuliia"]
[Result "1-0"]
[Board "257"]
[TimeControl "180+1"]
[WhiteFideId "3701255"]
[BlackFideId "14101602"]
[WhiteElo "2301"]
[BlackElo "2501"]
[WhiteTeam "PAR"]
[BlackTeam "UKR"]
[WhiteClock "0:00:03"]
[BlackClock "0:00:01"]

1. e4 e5 2. Nf3 Nc6 3. Bc4 Nf6 4. Ng5 d5 5. exd5 Na5 6. Bb5+ c6 7. dxc6 bxc6 8. Be2 Be7 9. Nc3 O-O 10. d3 h6 11. Nge4 Nd5 12. O-O f5 13. Nxd5 cxd5 14. Nc3 d4 15. Bf3 e4 16. Nxe4 fxe4 17. Bxe4 Rb8 18. b3 Bb7 19. Bxb7 Nxb7 20. Bb2 Bf6 21. Qg4 Qc8 22. Qg3 Qxc2 23. Ba3 Rfe8 24. Rae1 Qd2 25. Ra1 Rbc8 26. Bc1 Qc3 27. Bxh6 Nc5 28. Rad1 Be5 29. f4 Bf6 30. Bg5 Bxg5 31. fxg5 Rf8 32. g6 Rxf1+ 33. Rxf1 Qxd3 34. Qh4 Qxg6 35. Qxd4 Qe4 36. Qd2 Qd3 37. Qg5 Qd4+ 38. Kh1 Rf8 39. Rxf8+ Kxf8 40. h4 Ne6 41. Qf5+ Qf6 42. Qc2 Qxh4+ 43. Kg1 Qe1+ 44. Kh2 Qh4+ 45. Kg1 Qd4+ 46. Kh1 Qc5 47. Qe4 Ke7 48. Qh4+ Kd7 49. Qg3 Qd6 50. Qg6 Qd1+ 51. Kh2 Qd6+ 52. Kh1 Qe5 53. Qf7+ Kd6 54. Qe8 Qe1+ 55. Kh2 Qh4+ 56. Kg1 Qd4+ 57. Kh1 Ke5 58. Qh5+ 1-0

[Event "January 9 Early 2024"]
[Site "https://www.chess.com"]
[Date "2024.01.11"]
[Round "6"]
[White "Parra Gomez, Adrian"]
[Black "Yurovskykh, Oleksandr"]
[Result "0-1"]
[Board "258"]
[TimeControl "180+1"]
[WhiteFideId "3513106"]
[BlackFideId "14134020"]
[WhiteElo "2440"]
[BlackElo "2605"]
[WhiteTeam "CUB"]
[BlackTeam "UKR"]
[WhiteClock "0:00:03"]
[BlackClock "0:00:07"]

1. d4 d5 2. c4 e6 3. Nc3 Nf6 4. Nf3 c5 5. cxd5 Nxd5 6. e4 Nxc3 7. bxc3 cxd4 8. cxd4 Bb4+ 9. Bd2 Bxd2+ 10. Qxd2 O-O 11. Bc4 Nd7 12. O-O b6 13. Rad1 Bb7 14. Rfe1 Rc8 15. Bb3 Re8 16. h3 Nf6 17. Qf4 Nh5 18. Qe3 h6 19. Ne5 Nf6 20. Qf4 Re7 21. Re3 Qc7 22. Qh4 Kf8 23. Rde1 Nd7 24. Ng4 Qf4 25. Rf3 Qg5 26. Qg3 h5 27. Nh2 Qxg3 28. Rxg3 Nf6 29. Rge3 Rd8 30. Nf3 Rc7 31. d5 exd5 32. e5 Ne4 33. Nd4 Re7 34. f4 g6 35. Kh2 Nc5 36. Rd1 Ne6 37. Nb5 Nxf4 38. Nd6 Rxd6 39. Rf1 Rde6 40. Rxf4 Rxe5 41. Ref3 Kg7 42. Rd4 Rc7 43. Rfd3 Rc5 44. a4 Bc6 45. Bd1 Re4 46. Bf3 Rxd4 47. Rxd4 Ra5 48. Rd2 Rxa4 49. Rc2 Bd7 50. Bxd5 Be6 51. Bf3 Ra1 52. Rc7 a5 53. h4 a4 54. Rb7 Rb1 55. Ra7 b5 56. Bc6 Bc4 57. Kg3 Rb3+ 58. Kf4 a3 59. g4 hxg4 60. Kxg4 b4 61. h5 gxh5+ 62. Kxh5 Rb2 63. Be4 a2 64. Ra5 b3 65. Rg5+ Kf6 66. Rf5+ Ke7 67. Ra5 Rb1 68. Ra7+ Kf6 69. Bxb1 axb1=Q 70. Ra6+ Bxa6 71. Kh6 Qg6# 0-1

[Event "January 9 Early 2024"]
[Site "https://www.chess.com"]
[Date "2024.01.11"]
[Round "6"]
[White "Tikhonov, Viacheslav"]
[Black "Paikens, Reinis"]
[Result "1-0"]
[Board "259"]
[TimeControl "180+1"]
[WhiteFideId "44196407"]
[BlackFideId "11624078"]
[WhiteElo "2540"]
[BlackElo "2268"]
[WhiteTeam "RUS"]
[BlackTeam "LAT"]
[WhiteClock "0:00:03"]
[BlackClock "0:00:02"]

1. e4 c5 2. Nf3 Nc6 3. d4 cxd4 4. Nxd4 g6 5. c4 Bg7 6. Be3 Nf6 7. Nc3 Ng4 8. Qxg4 Nxd4 9. Qd1 e5 10. Nb5 Qa5+ 11. Bd2 Qb6 12. c5 Qc6 13. Nd6+ Kf8 14. Rc1 Kg8 15. Bc4 Ne6 16. Bd5 Qc7 17. Qf3 f6 18. Bg5 Qa5+ 19. Kf1 Qd8 20. h4 Qf8 21. Be3 h5 22. g3 b6 23. Bxa8 Ba6+ 24. Kg2 Qxa8 25. cxb6 axb6 26. Bxb6 Kh7 27. Be3 Rb8 28. b3 Rb6 29. Rhd1 Rc6 30. Rxc6 Qxc6 31. Rd2 Bh6 32. Nc4 Nd4 33. Bxd4 Bxd2 34. Nxe5 fxe5 35. Qf7+ Kh6 36. Bxe5 Qxe4+ 37. f3 Qe2+ 38. Kh3 Qxe5 39. Qf8+ Qg7 40. Qd8 Bf1+ 41. Kh2 Bb4 42. Kg1 Bb5 43. Qg5+ Kh7 44. Qxb5 Qd4+ 45. Kg2 Bc5 46. Kh3 Qg1 47. Qxd7+ Kh6 48. Qd2+ Be3 49. Qg2 Qc1 50. g4 Qc8 51. Kh2 Bf4+ 52. Kh3 Kh7 53. a4 Qb8 54. a5 hxg4+ 55. Qxg4 Bh6 56. Qd7+ Bg7 57. Qd5 Qa7 58. b4 Qb8 59. Qe4 Qc8+ 60. Kg3 Qb8+ 61. Kf2 Qa7+ 62. Ke2 Qf7 63. Kf2 Qd7 64. Kg3 Qc7+ 65. Kg2 Qd7 66. h5 Qd2+ 67. Kf1 Kh6 68. Qxg6# 1-0

[Event "January 9 Early 2024"]
[Site "https://www.chess.com"]
[Date "2024.01.11"]
[Round "6"]
[White "Rasulov, Vugar"]
[Black "Firouzja, Alireza"]
[Result "0-1"]
[Board "260"]
[TimeControl "180+1"]
[WhiteFideId "13402390"]
[BlackFideId "12573981"]
[WhiteElo "2987"]
[BlackElo "3140"]
[WhiteTeam "AZE"]
[BlackTeam "FRA"]
[WhiteClock "0:00:02"]
[BlackClock "0:00:06"]

1. e4 c6 2. d4 d5 3. exd5 cxd5 4. Bd3 Nf6 5. c3 Bg4 6. Qb3 Qc7 7. Nd2 Nc6 8. Ngf3 e6 9. O-O Bd6 10. h3 Bh5 11. Re1 O-O-O 12. Bb5 Nd7 13. a4 Rhg8 14. a5 a6 15. Bxc6 Qxc6 16. Ne5 Bxe5 17. dxe5 Nc5 18. Qb6 Qxb6 19. axb6 Kd7 20. g4 Bg6 21. Nf3 Nd3 22. Rd1 Kc6 23. Nd4+ Kxb6 24. f4 Nxc1 25. Raxc1 Be4 26. Kf2 Rge8 27. Ke3 Rc8 28. c4 a5 29. Nb5 Rc6 30. Nd6 Rf8 31. Rc3 Ka6 32. Ra1 Rb6 33. Ra2 Bb1 34. Ra1 Rxb2 35. cxd5 exd5 36. Rc7 b6 37. Rxf7 Rd8 38. Rxg7 Rb4 39. f5 d4+ 40. Kf4 d3+ 41. Ke3 Rb2 42. Rxb1 Rxb1 43. Kxd3 Re1 44. Kd4 a4 45. Rc7 Rd1+ 46. Ke4 Re1+ 47. Kf4 b5 48. Rc6+ Ka7 49. Nxb5+ Kb7 50. Rh6 Ra8 51. Nd6+ Kc6 52. Ne4+ Kd5 53. Rd6+ Kc4 54. Nd2+ Kc3 55. Ne4+ Kc4 56. Nd2+ Kc3 57. Ne4+ Kc2 58. Rc6+ Kd3 59. Rc3+ Kd4 60. Ra3 Rxe4+ 61. Kg5 Rxe5 62. Kh6 Re3 63. Ra1 Rxh3+ 64. Kg7 Rg3 65. Kf6 Rxg4 0-1

[Event "January 9 Early 2024"]
[Site "https://www.chess.com"]
[Date "2024.01.11"]
[Round "6"]
[White "Grischuk, Alexander"]
[Black "Costachi, Mihnea"]
[Result "1-0"]
[Board "261"]
[TimeControl "180+1"]
[WhiteFideId "4126025"]
[BlackFideId "1217518"]
[WhiteElo "3066"]
[BlackElo "2864"]
[WhiteTeam "RUS"]
[BlackTeam "ROU"]
[WhiteClock "0:00:12"]
[BlackClock "0:00:04"]

1. d4 Nf6 2. c4 c6 3. Bf4 d5 4. e3 e6 5. Nc3 Bd6 6. Bg5 h6 7. Bh4 O-O 8. Nf3 Nbd7 9. Qc2 a6 10. a4 b6 11. cxd5 cxd5 12. Bd3 Bb7 13. O-O Qb8 14. Bg3 Bxg3 15. hxg3 Rc8 16. Qe2 e5 17. Bf5 Re8 18. Bxd7 Nxd7 19. Nxe5 Nxe5 20. dxe5 Qxe5 21. Rfd1 Rad8 22. Qg4 d4 23. Rxd4 Rxd4 24. Qxd4 Qxd4 25. exd4 Rd8 26. Rd1 Bd5 27. f3 f6 28. g4 Kf7 29. Kf2 Ke6 30. Ke3 Re8 31. Kd3 Kd6 32. Ne4+ Kd7 33. Rc1 Rb8 34. Rc3 a5 35. Nd2 Re8 36. Rc1 Re7 37. b3 Re8 38. Nc4 Bxc4+ 39. bxc4 Kc6 40. Rb1 Re7 41. Rd1 Re8 42. Kd2 Rd8 43. Kc2 Re8 44. Kd3 Re7 45. Rc1 Re8 46. c5 bxc5 47. Rxc5+ Kb6 48. Rb5+ Ka6 49. Rb1 Rd8 50. Re1 Rd7 51. Re6+ Kb7 52. f4 Rc7 53. f5 Kc8 54. Ra6 Rc1 55. Ra8+ Kb7 56. Rg8 Rg1 57. Rxg7+ Kc6 58. Ke4 Re1+ 59. Kf3 Kd5 60. Rd7+ Kc4 61. Rd6 Ra1 62. Rxf6 Kxd4 63. Rd6+ Ke5 64. Re6+ Kd5 65. Rxh6 Rxa4 66. Ra6 Ra1 67. Kf4 a4 68. Kg5 a3 69. f6 a2 70. Kg6 Ke5 71. g5 Rf1 72. Rxa2 Rf2 73. Rxf2 1-0

[Event "January 9 Early 2024"]
[Site "https://www.chess.com"]
[Date "2024.01.11"]
[Round "6"]
[White "Klekowski, Maciej"]
[Black "Garakov, Mikhael"]
[Result "1-0"]
[Board "262"]
[TimeControl "180+1"]
[WhiteFideId "1132717"]
[BlackFideId "4169034"]
[WhiteElo "2862"]
[BlackElo "2662"]
[WhiteTeam "POL"]
[BlackTeam "RUS"]
[WhiteClock "0:00:05"]
[BlackClock "0:00:02"]

1. e4 c5 2. Nf3 e6 3. d4 cxd4 4. Nxd4 Nc6 5. Nc3 Qc7 6. a3 a6 7. Be3 Nf6 8. f4 d6 9. Qf3 Bd7 10. O-O-O h5 11. h3 h4 12. Bd3 Rc8 13. Rhe1 b5 14. Nb3 b4 15. Nd5 exd5 16. exd5 Ne7 17. axb4 Rh5 18. Bd4 Bf5 19. Bxf6 Qxc2+ 20. Bxc2 Rxc2+ 21. Kb1 Rf2+ 22. Kc1 Rc2+ 23. Kb1 Rf2+ 24. Ka2 Rxf3 25. Bxe7 Rxf4 26. Bxd6+ Re4 27. Bxf8 Kxf8 28. Nc5 Rxb4 29. d6 Rb8 30. d7 Rd8 31. b4 Rh6 32. Rf1 Be6+ 33. Ka3 Ke7 34. Rfe1 Rg6 35. Re2 Rg3+ 36. Ka4 Rc3 37. Rde1 Rc4 38. Nxe6 fxe6 39. Rxe6+ Kxd7 40. Re7+ Kc8 41. Ra7 Kb8 42. Ree7 Rdd4 43. Reb7+ Kc8 44. Ka5 Rd5+ 45. Kxa6 Rd6+ 46. Ka5 Rcc6 47. b5 Rc1 48. Rxg7 Ra1+ 49. Kb4 Rxa7 50. Rxa7 Rg6 51. Rh7 Rxg2 52. Rxh4 Kb7 53. Rh7+ Kb6 54. Rh6+ Kb7 55. h4 Rg4+ 56. Kc5 Rg1 57. Rh7+ Kb8 58. Kb6 Rg6+ 59. Ka5 Rf6 60. h5 Rf5 61. Ka6 Rf1 62. h6 Rf6+ 63. b6 Rf8 64. Rg7 Ka8 65. h7 1-0

[Event "January 9 Early 2024"]
[Site "https://www.chess.com"]
[Date "2024.01.11"]
[Round "6"]
[White "Gokerkan, Cem Kaan"]
[Black "Kohler, Aran"]
[Result "1-0"]
[Board "263"]
[TimeControl "180+1"]
[WhiteFideId "6336760"]
[BlackFideId "1002856"]
[WhiteElo "2809"]
[BlackElo "2264"]
[WhiteTeam "TUR"]
[BlackTeam "NED"]
[WhiteClock "0:00:13"]
[BlackClock "0:00:04"]

1. e4 c6 2. d4 d5 3. e5 c5 4. dxc5 Nc6 5. f4 e6 6. Be3 d4 7. Bf2 Bxc5 8. Nd2 Nge7 9. a3 Nf5 10. Ne4 Bb6 11. g4 Ne3 12. Bxe3 dxe3 13. Nd6+ Kf8 14. Nf3 Bd7 15. Nxb7 Qe7 16. Qd6 Qxd6 17. Nxd6 Nd4 18. Nxd4 Bxd4 19. c3 Bb6 20. Be2 Ke7 21. O-O-O Bc6 22. Rhf1 Rhd8 23. Bf3 Bxf3 24. Rxf3 Rab8 25. Re1 f6 26. Re2 fxe5 27. fxe5 Rf8 28. Rxf8 Rxf8 29. b4 Rf1+ 30. Kc2 Ra1 31. Nc8+ Ke8 32. Nxb6 axb6 33. Rxe3 Rxa3 34. Kb2 Ra8 35. Rd3 Ke7 36. Rd6 Rb8 37. b5 h6 38. c4 g6 39. Kc3 h5 40. g5 h4 41. h3 Rb7 42. Kb4 Rb8 43. Rc6 Rb7 44. Kc3 Kd7 45. Kd4 Ke7 46. Ke4 Kd7 47. Kf4 Ke7 48. Kg4 Kd7 49. Kxh4 Rb8 50. Kg4 Rb7 51. h4 Ke7 52. h5 gxh5+ 53. Kxh5 Kf7 54. Kg4 Ke7 55. Kf4 Kf7 56. Ke4 Ke7 57. Kd4 Rd7+ 58. Kc3 Rb7 59. g6 Kd7 60. g7 Rb8 61. Rxb6 Rg8 62. c5 Kc7 63. Rxe6 Rxg7 64. Kc4 Rg4+ 65. Kd5 Rg1 66. Re7+ Kb8 67. Rh7 Ka8 68. b6 Rd1+ 69. Kc6 Rd8 70. e6 Kb8 71. Rf7 Rc8+ 72. Kb5 Rd8 73. e7 Re8 74. Rf8 Kb7 75. c6+ 1-0

[Event "January 9 Early 2024"]
[Site "https://www.chess.com"]
[Date "2024.01.11"]
[Round "6"]
[White "De Sousa, Daniel Aguiar"]
[Black "Coelho, Ramyres Santana"]
[Result "1-0"]
[Board "264"]
[TimeControl "180+1"]
[WhiteFideId "44736797"]
[BlackFideId "2120690"]
[WhiteElo "2057"]
[BlackElo "2274"]
[WhiteTeam "BRA"]
[BlackTeam "BRA"]
[WhiteClock "0:00:05"]
[BlackClock "0:00:12"]

1. d4 Nf6 2. Nf3 g6 3. e3 Bg7 4. Bd3 O-O 5. Nbd2 d6 6. b3 Nc6 7. a3 e5 8. Bb2 exd4 9. Nxd4 Nxd4 10. Bxd4 c5 11. Bb2 Nd5 12. Bxg7 Kxg7 13. c4 Nf6 14. h4 d5 15. h5 Bg4 16. h6+ Kg8 17. f3 Re8 18. Kf2 Qe7 19. Re1 Bd7 20. g3 Rad8 21. Qc2 Nh5 22. cxd5 Qg5 23. Nf1 Qxd5 24. Bc4 Qg5 25. Rad1 Bc6 26. e4 Qxh6 27. Bd5 Bxd5 28. Rxd5 Rxd5 29. exd5 Rxe1 30. Kxe1 Qg5 31. Qe4 Nxg3 32. Nxg3 Qxg3+ 33. Ke2 Qg2+ 34. Kd3 Qf1+ 35. Kc3 Qa1+ 36. Kc4 Qxa3 37. d6 Qb4+ 38. Kd5 Qxb3+ 39. Kxc5 Qb6+ 40. Kd5 Qc6+ 41. Ke5 f6+ 42. Ke6 Qe8+ 43. Kxf6 Qf7+ 44. Ke5 Kg7 45. Qd5 Qf5+ 46. Kd4 Qf4+ 47. Kc5 b6+ 48. Kc6 Qa4+ 49. Kc7 Qc2+ 50. Kb7 Qe2 51. d7 Qe7 52. Kc8 h5 53. d8=Q Qxd8+ 54. Qxd8 Kh6 55. f4 Kg7 56. Qe7+ Kh6 57. Qf8+ Kh7 58. Qf7+ Kh6 59. Qg8 g5 60. Qxg5+ Kh7 61. Qxh5+ Kg7 62. Qd5 Kf6 63. Qb5 Ke6 64. Kb7 Kf6 65. Kxa7 Ke6 66. Kxb6 Kd6 67. Qe5+ Kd7 68. Kc5 Kd8 69. Kd6 Kc8 70. Qe7 Kb8 71. Kc6 Kc8 72. Qc7# 1-0

[Event "January 9 Early 2024"]
[Site "https://www.chess.com"]
[Date "2024.01.11"]
[Round "6"]
[White "Pranav, V"]
[Black "Nakamura, Hikaru"]
[Result "1-0"]
[Board "265"]
[TimeControl "180+1"]
[WhiteFideId "25060783"]
[BlackFideId "2016192"]
[WhiteElo "3055"]
[BlackElo "3254"]
[WhiteTeam "IND"]
[BlackTeam "USA"]
[WhiteClock "0:00:04"]
[BlackClock "0:00:04"]

1. e4 e5 2. Nf3 Nc6 3. Bb5 a6 4. Ba4 d6 5. O-O Bd7 6. c3 g6 7. d4 Bg7 8. Re1 b5 9. Bb3 Nf6 10. h3 O-O 11. a4 Rb8 12. axb5 axb5 13. dxe5 Nxe5 14. Nxe5 dxe5 15. Bg5 h6 16. Bxf6 Bxf6 17. Nd2 Rb6 18. Nf3 Rd6 19. Qe2 Kg7 20. Red1 Qe7 21. Ra7 Rxd1+ 22. Qxd1 Qc5 23. Ra1 Bc6 24. Qe2 Rd8 25. g3 Qb6 26. Kg2 Bb7 27. Rd1 Rxd1 28. Bxd1 c5 29. c4 bxc4 30. Qxc4 Qb4 31. Qxb4 cxb4 32. Bc2 Kf8 33. Nd2 Ba6 34. Bb3 Ke7 35. Bc4 Bb7 36. Bd5 Bxd5 37. exd5 Bg7 38. Nc4 b3 39. f3 f5 40. Kf2 h5 41. Ke2 Kd7 42. g4 hxg4 43. hxg4 Bf6 44. gxf5 gxf5 45. Kd3 Bg7 46. Kd2 Bf6 47. Ke2 Bg7 48. Ne3 e4 49. fxe4 Bxb2 50. Nc4 Bc3 51. exf5 b2 52. Nxb2 Bb4 53. Kd3 Kd6 54. Ke4 Ke7 55. Nd3 Bd6 56. Ne5 Kf6 57. Nc4 Bh2 58. d6 Bg3 59. d7 Ke7 60. Ne5 Be1 61. f6+ Kd8 62. f7 Bb4 63. Kf5 Ba3 64. Kg6 Bf8 65. Kh7 Ba3 66. Kg8 Bd6 67. f8=Q+ 1-0

[Event "January 9 Early 2024"]
[Site "https://www.chess.com"]
[Date "2024.01.11"]
[Round "6"]
[White "Putri, Regita Desyari"]
[Black "Dinu, Dumitru-Daniel"]
[Result "1-0"]
[Board "266"]
[TimeControl "180+1"]
[WhiteFideId "7109083"]
[BlackFideId "1208403"]
[WhiteElo "2234"]
[BlackElo "2487"]
[WhiteTeam "INA"]
[BlackTeam "ROU"]
[WhiteClock "0:00:13"]
[BlackClock "0:00:05"]

1. e4 c5 2. Nf3 d6 3. d4 cxd4 4. Nxd4 Nf6 5. Nc3 a6 6. Be2 g6 7. O-O Bg7 8. a4 O-O 9. Be3 Nbd7 10. a5 Nc5 11. f3 Bd7 12. Qd2 Rc8 13. Rfd1 Qc7 14. Bf1 Rfd8 15. Qf2 Qb8 16. Nd5 Nxd5 17. exd5 Be8 18. b4 Nd7 19. c4 Ne5 20. Rac1 Ba4 21. Re1 Rc7 22. Qa2 Be8 23. h3 Rdc8 24. f4 Nd7 25. Bf2 Bf6 26. b5 Nc5 27. b6 Rd7 28. g4 Rdd8 29. Qe2 Bd7 30. g5 Bg7 31. h4 Re8 32. h5 e6 33. dxe6 Nxe6 34. Nxe6 Rxe6 35. Qf3 Rce8 36. Rxe6 Bxe6 37. h6 Bh8 38. Bg2 Re7 39. c5 dxc5 40. Bxc5 Rd7 41. Be3 Bd5 42. Qf2 Bxg2 43. Qxg2 Bd4 44. Bxd4 Rxd4 45. Qc2 Rd8 46. Qc7 Rf8 47. Qxb8 Rxb8 48. Rc7 Kf8 49. Kf2 Ke8 50. Ke3 Rd8 51. Rxb7 Rd5 52. Ra7 Rxa5 53. b7 Rb5 54. Ra8+ Ke7 55. b8=Q Rxb8 56. Rxb8 Ke6 57. Ra8 Kf5 58. Rxa6 Kg4 59. Ra7 f5 60. Rxh7 Kh5 61. Rg7 Kg4 62. h7 Kg3 63. h8=Q Kg4 64. Ra7 Kg3 65. Rh7 Kg4 66. Rh4+ Kg3 67. Rh3+ Kg2 68. Rh2+ Kg3 69. Qh4# 1-0

[Event "January 9 Early 2024"]
[Site "https://www.chess.com"]
[Date "2024.01.11"]
[Round "6"]
[White "Jimenez Almeida, Luis David"]
[Black "Llari, Marc"]
[Result "1/2-1/2"]
[Board "267"]
[TimeControl "180+1"]
[WhiteFideId "22242244"]
[BlackFideId "651044269"]
[WhiteElo "2509"]
[BlackElo "2319"]
[WhiteTeam "ESP"]
[BlackTeam "FRA"]
[WhiteClock "0:00:07"]
[BlackClock "0:00:11"]

1. e4 e6 2. d4 d5 3. e5 c5 4. c3 Nc6 5. Nf3 Qb6 6. a3 c4 7. Nbd2 Na5 8. Rb1 Bd7 9. g3 Rc8 10. h4 Qc6 11. Bh3 Qa4 12. Qe2 Qc2 13. O-O Nb3 14. Ne1 Nxc1 15. Qe3 Qd1 16. Nef3 Qe2 17. Rbxc1 Qxe3 18. fxe3 Ne7 19. e4 dxe4 20. Nxe4 Nd5 21. Nfg5 Ne3 22. Rf3 Nf5 23. Rcf1 h6 24. Nxf7 Kxf7 25. g4 g6 26. gxf5 gxf5 27. Nf6 Bc6 28. d5 Bc5+ 29. Kh2 Bxd5 30. Nxd5 exd5 31. Rxf5+ Ke8 32. Rf7 Rd8 33. Rxb7 Rf8 34. Rxf8+ Kxf8 35. Kg3 d4 36. cxd4 Rxd4 37. Bf5 Be7 38. h5 Bh4+ 39. Kf3 Bg5 40. Bg6 Rf4+ 41. Kg3 a5 42. Ra7 Rd4 43. Rxa5 Bc1 44. Rb5 Rd2 45. a4 Rxb2 46. Rc5 Rb4 47. a5 Be3 48. Rc7 c3 49. Rxc3 Bf4+ 50. Kf3 Bxe5 51. Rc8+ Kg7 52. a6 Ra4 53. Rc6 Bd4 54. Ke2 Ra3 55. Kd2 Be3+ 56. Kc2 Bd4 57. Bd3 Bg1 58. Bc4 Be3 59. Rg6+ Kf8 60. Re6 Bd4 61. Rg6 Ke7 62. Bd3 Be3 63. Rg7+ Kd6 64. Rb7 Kc6 65. Rg7 Kb6 66. Rg6+ Ka7 67. Bc4 Bg5 68. Bd3 Ra5 69. Kb3 Rc5 70. Bc4 Rc7 71. Re6 Rg7 72. Kb4 Rc7 73. Kb5 Be3 74. Re5 Bf4 75. Rf5 Bg5 76. Re5 Re7 77. Rf5 Rc7 78. Rd5 Re7 79. Rf5 Rc7 1/2-1/2

[Event "January 9 Early 2024"]
[Site "https://www.chess.com"]
[Date "2024.01.11"]
[Round "6"]
[White "Khouri, Ahmed Abbas"]
[Black "Mirzoev, Azer"]
[Result "0-1"]
[Board "268"]
[TimeControl "180+1"]
[WhiteFideId "9301518"]
[BlackFideId "13400304"]
[WhiteElo "2277"]
[BlackElo "2637"]
[WhiteTeam "UAE"]
[BlackTeam "AZE"]
[WhiteClock "0:00:02"]
[BlackClock "0:00:05"]

1. e4 c5 2. f4 e6 3. Nf3 d5 4. Bb5+ Bd7 5. Bxd7+ Qxd7 6. Nc3 d4 7. Ne2 d3 8. Nc3 Nc6 9. O-O Rd8 10. cxd3 Qxd3 11. Qa4 Nf6 12. Re1 a6 13. b3 Be7 14. Bb2 O-O 15. Nd1 Nb4 16. Nf2 Qd7 17. Qxd7 Rxd7 18. Rec1 Rfd8 19. d4 cxd4 20. Bxd4 Rxd4 21. Nxd4 Rxd4 22. e5 Ne8 23. Rc8 Kf8 24. g3 Nc6 25. Rc1 g5 26. Ng4 gxf4 27. Rf1 fxg3 28. Nf6 Bxf6 29. exf6 gxh2+ 30. Kxh2 Rd8 31. Rxd8 Nxd8 32. Kg3 Nc6 33. Kg4 Ne5+ 34. Kg5 Nd7 35. Rh1 Nexf6 36. Rc1 Nd5 37. Kh6 Ke7 38. Kxh7 f5 39. Kh6 f4 40. Kg5 Kd6 41. Rd1 Nc5 42. Kg4 Ne4 43. Rc1 Nec3 44. Rh1 Nxa2 45. Kf3 Nab4 46. Ke4 Nc6 47. Rh8 Kc5 48. Re8 Nc7 49. Rh8 e5 50. Rh7 Kb6 51. Rh6 Nb5 52. Rh7 a5 53. Kd5 Nbd4 54. Kc4 Nf5 55. Rh5 Ne3+ 56. Kc3 f3 57. Rh3 e4 58. Kd2 Nd5 59. Rh5 Kc5 60. Rh8 e3+ 61. Kd3 f2 62. Ke2 Nd4+ 63. Kd3 f1=Q+ 0-1